 Dungeon Crawl Stone Soup version 0.20.0-8-g6b59dc7 (webtiles) character file.

33 Kosschaser the Charmwright (level 3, -2/22 HPs)
             Began as a Gargoyle Skald on May 30, 2017.
             Killed from afar by Kisielow's ghost (7 damage)
             ... with a magic dart
             ... on level 3 of the Dungeon.
             The game lasted 00:04:48 (1551 turns).

Kosschaser the Charmwright (Gargoyle Skald)         Turns: 1551, Time: 00:04:48

Health: -2/22      AC:  9    Str: 14    XL:     3   Next: 29%
Magic:  6/6        EV: 11    Int: 13    God:
Gold:   51         SH:  0    Dex: 10    Spells: 5/6 levels left

rFire    . . .     SeeInvis .   a - +0 mace
rCold    . . .     Gourm    .   (no shield)
rNeg     + + .     Faith    .   h - +1 ring mail {rN+}
rPois    ∞         Spirit   .   (no helmet)
rElec    +         Reflect  .   (no cloak)
rCorr    .         Harm     .   (no gloves)
MR       .....                  (no boots)
Stlth    ..........             (no amulet)
Regen    0.1/turn               (no ring)
MPRegen  0.1/turn               (no ring)

@: starving
A: negative energy resistance 1, electricity resistance, unbreathing,
petrification resistance, rot immunity, AC +3
a: no special abilities


You were on level 3 of the Dungeon.
You were starving.

You visited 1 branch of the dungeon, and saw 3 of its levels.

You collected 51 gold pieces.

Inventory:

Hand Weapons
 a - a +0 mace (weapon)
Armour
 b - a +0 leather armour
 h - a +1 ring mail of positive energy (worn)
Scrolls
 e - a scroll of teleportation {unknown}
 f - 2 scrolls of remove curse {unknown}
 g - 2 scrolls of identify {unknown}
 m - a scroll of immolation {unknown}
Potions
 i - 2 potions of heal wounds {unknown}
 k - 2 potions of brilliance {unknown}
 l - a potion of berserk rage {unknown}
Books
 c - a book of Battle

   Spells                             Type                      Level
   a - Infusion                       Charms                       1
   b - Shroud of Golubria             Charms/Translocation         2
   c - Song of Slaying                Charms                       2
   d - Spectral Weapon                Hexes/Charms                 3
   e - Regeneration                   Charms/Necromancy            3
Comestibles
 d - 2 bread rations
 j - a royal jelly


   Skills:
 + Level 2.4 Fighting
 + Level 2.4 Maces & Flails
 * Level 1.5 Armour
 + Level 1.9 Dodging
 + Level 2.1 Spellcasting
 + Level 3.0 Charms


You had 5 spell levels left.
You knew the following spells:

 Your Spells              Type           Power        Failure   Level  Hunger
a - Infusion              Chrm           #...         16%         1    ##.....


Dungeon Overview and Level Annotations

Branches:
Dungeon (3/15)

Altars:
Sif Muna

Annotations:
D:3 Kisielow's ghost, amateur DECj


Innate Abilities, Weirdness & Mutations

You are resistant to torment.
Your stone body is resilient. (AC +3)
You are immune to poison.
You resist negative energy. (rN+)
You are resistant to electric shocks. (rElec)
You can survive without breathing.
You are immune to petrification.
You are immune to rotting.


Message History

Kisielow's ghost is lightly damaged.
Kisielow's ghost closely misses you.
You barely miss Kisielow's ghost.
Kisielow's ghost is lightly damaged.
Kisielow's ghost hits you but does no damage.
You barely miss Kisielow's ghost.
Kisielow's ghost is lightly damaged.
Kisielow's ghost closely misses you.
You closely miss Kisielow's ghost.
Kisielow's ghost is lightly damaged.
Kisielow's ghost points at you and mumbles some strange words.
The magic dart hits you! Kisielow's ghost completely misses you.
You closely miss Kisielow's ghost.
Kisielow's ghost is lightly damaged.
Kisielow's ghost barely misses you.
You hit Kisielow's ghost but do no damage.
Kisielow's ghost is lightly damaged.
Kisielow's ghost casts a spell at you. The magic dart hits you!
You die... ########### #W@<....... #.########. #. #. .. ##

You could see Kisielow's ghost.

Vanquished Creatures
  A worm (D:2)
  A dart slug (D:2)
  A leopard gecko (D:1)
  3 giant cockroaches (D:1)
  5 hobgoblins (D:1)
  5 bats
  4 frilled lizards (D:1)
  A goblin (D:2)
  5 kobolds
  2 rats (D:1)
28 creatures vanquished.

Notes
Turn   | Place    | Note
-------+----------+-------------------------------------------
     0 | D:1      | Kosschaser the Gargoyle Skald began the quest for the Orb.
     0 | D:1      | Reached XP level 1. HP: 12/12 MP: 3/3
   292 | D:1      | Reached XP level 2. HP: 17/17 MP: 5/5
   872 | D:1      | Reached XP level 3. HP: 21/22 MP: 6/6
   879 | D:2      | Found a deep blue altar of Sif Muna.
  1090 | D:2      | Reached skill level 3 in Charms
  1535 | D:3      | Noticed Kisielow's ghost (amateur DECj)
  1551 | D:3      | Killed from afar by Kisielow's ghost

Skill      XL: |  1  2  3 |
---------------+----------+-----
Charms         | 3 |  3.0
Fighting       | |  2.4
Maces & Flails | |  2.4
Armour         | |  1.5
Dodging        | |  1.9
Spellcasting   | |  2.1

Action                   || total
-------------------------++-------
Melee: Mace              ||   136
Armor: Leather armour    ||    25
       Ring mail         ||    38
Dodge: Dodged            ||    92
